 Dungeon Crawl Stone Soup version 0.14-a0-2848-g1d0399b (webtiles) character file.

407 JEFFREY the Slasher (level 6, -2/47 HPs)
             Began as a Formicid Fighter on Feb 27, 2014.
             Was a Follower of Okawaru.
             Slain by an ogre
             ... wielding a +0,+0 giant club
              (22 damage)
             ... on Level 4 of the Dungeon.
             The game lasted 00:07:19 (2241 turns).

JEFFREY the Slasher (Formicid Fighter)              Turns: 2241, Time: 00:07:19

HP  -2/47        AC  7     Str 22      XL: 6   Next: 64%
MP   6/6         EV  6     Int  7      God: Okawaru [*.....]
Gold 107         SH 18     Dex 11      Spells:  0 memorised,  5 levels left

rFire  . . .     SeeInvis +     m - +1 falchion (freeze)
rCold  . . .     Clarity  .     b - +0 scale mail
rNeg   . . .     Conserve .     c - +0 shield
rPois  .         rCorr    .     (helmet unavailable)
rElec  .         rRot     .     (no cloak)
SustAb . .       Spirit   .     (no gloves)
rMut   .         Warding  .     (no boots)
Saprov . . .     Stasis   +     (no amulet)
MR     .....                    (no ring)
                                (no ring)

@: not resistant to hostile enchantments, extremely unstealthy
A: permanent stasis, dig shafts and tunnels, four strong arms, poison weakness,
antennae 3, exoskeleton 1
a: Dig, Shaft Self, Heroism, Renounce Religion


You were on level 4 of the Dungeon.
You worshipped Okawaru.
Okawaru was aware of your devotion.
You were hungry.

You visited 1 branch of the dungeon, and saw 4 of its levels.

You collected 107 gold pieces.

Inventory:

Hand weapons
 a - a +0,+0 falchion
 m - a +1,+1 falchion of freezing (weapon)
Armour
 b - a +0 scale mail (worn)
 c - a +0 shield (worn)
Magical devices
 v - a wand of magic darts (14) {unknown}
Comestibles
 d - 3 bread rations
 n - 2 meat rations
Scrolls
 e - a scroll of recharging {unknown}
 f - a scroll of enchant weapon I {unknown}
 j - a scroll of enchant weapon II {unknown}
 p - a scroll of remove curse
 q - a scroll of amnesia {unknown}
 r - 2 scrolls of random uselessness {unknown}
 u - a scroll of noise {unknown}
 w - a scroll of identify {unknown}
 x - a scroll of curse jewellery {unknown}
Potions
 g - a potion of magic {unknown}
 h - a potion of speed {unknown}
 i - a potion of cure mutation {unknown}
 k - 2 potions of flight {unknown}
 l - a potion of agility {unknown}
 o - a potion of resistance {unknown}
 s - a potion of heal wounds
 t - a potion of lignification {unknown}
 z - 2 potions of restore abilities {unknown}


   Skills:
 + Level 3.0 Fighting
 - Level 6.5 Long Blades
 + Level 3.6 Armour
 + Level 3.0 Shields


You had 5 spell levels left.
You didn't know any spells.

Dungeon Overview and Level Annotations

Branches:
Dungeon (4/16)
 Temple: D:4-7

Altars:
Okawaru


Innate Abilities, Weirdness & Mutations

Your are under a permanent stasis effect.
You can dig through walls and to a lower floor.
Your four strong arms can wield any weapon, most with a shield.
You have a pair of large antennae on your head (SInv).
Your body is surrounded by an exoskeleton. (AC +1)


Message History

The orc priest becomes somewhat translucent.
An ogre comes into view. It is wielding a giant club.
You hit the giant newt.
The giant newt seems to slow down.
You freeze the giant newt.
You kill the giant newt!
Okawaru accepts your kill.
You barely miss the orc. The orc hits you but does no damage.
You slash the orc! You freeze the orc.
You kill the orc!
Okawaru accepts your kill.
You slash the ogre! You freeze the ogre.
The ogre is moderately wounded.
The ogre hits you with a giant club!
Ouch! That really hurt!
You slash the ogre! You freeze the ogre.
The ogre is severely wounded.
The orc priest utters an invocation to Beogh.
You feel a wave of unholy energy pass over you.
The ogre hits you with a giant club!
You die...

. ... ##..
#...
#####..
......
#...# .
#...# ...
#..@###...#
####O..#
#.oo..#
.....o.>#
#..o...o###
.....####
####


You could see an ogre, an orc priest and 2 orcs.

Vanquished Creatures
  Grinder (D:3)
  2 adders (D:2)
  A worm (D:3)
  6 giant geckos
  An ooze (D:3)
  2 orcs
  A ball python (D:2)
  A hobgoblin (D:2)
  2 bats (D:2)
  4 giant newts
  5 goblins
  9 kobolds
  A quokka (D:3)
  10 rats
46 creatures vanquished.

Notes
Turn   | Place    | Note
--------------------------------------------------------------
     0 | D:1      | JEFFREY, the Formicid Fighter, began the quest for the Orb.
     0 | D:1      | Reached XP level 1. HP: 18/18 MP: 1/1
   211 | D:1      | Found an iron altar of Okawaru.
   219 | D:1      | Became a worshipper of Warmaster Okawaru
   327 | D:1      | Reached XP level 2. HP: 20/24 MP: 2/2
   751 | D:2      | Reached XP level 3. HP: 21/29 MP: 3/3
  1138 | D:2      | Reached skill level 4 in Long Blades
  1138 | D:2      | Reached XP level 4. HP: 35/35 MP: 4/4
  1716 | D:3      | Noticed Grinder
  1739 | D:3      | Killed Grinder
  1739 | D:3      | Acquired Okawaru's first power
  1739 | D:3      | Reached skill level 6 in Long Blades
  1739 | D:3      | Reached XP level 5. HP: 41/41 MP: 5/5
  1739 | D:3      | Reached XP level 6. HP: 47/47 MP: 6/6
  2241 | D:4      | Slain by an ogre

Action                   |  1- 3 |  4- 6 || total
-------------------------+-------+-------++-------
Melee: Falchion          |    97 |    63 ||   160
  Use: Potion            |       |     2 ||     2
       Scroll            |       |     1 ||     1
